 Dungeon Crawl Stone Soup version 0.30.1-4-g462c640d31 (webtiles) character file.

Game seed: 1831587026062756691

255 spardeous the Digger (level 5, -2/38 HPs)
             Began as a Demigod Earth Elementalist on Aug 15, 2023.
             Slain by an orc
             ... wielding a +0 club
              (3 damage)
             ... on level 5 of the Dungeon.
             The game lasted 00:03:47 (3639 turns).

spardeous the Digger (Demigod Earth Elementalist)   Turns: 3639, Time: 00:03:48

Health: -2/38      AC:  3    Str:  9    XL:     5   Next: 60%
Magic:  4/12       EV: 11    Int: 21    God:
Gold:   301        SH:  0    Dex: 14    Spells: 6/10 levels left

rFire   . . .        p - +4 short sword
rCold   . . .        (no shield)
rNeg    . . .        r - +0 leather armour
rPois   .            (no helmet)
rElec   .            (no cloak)
rCorr   .            (no gloves)
SInv    .            (no boots)
Will    .....        (no amulet)
Stlth   ++           (no ring)
HPRegen 0.26/turn    (no ring)
MPRegen 0.13/turn

%: no passive effects
@: flying
A: high MP 1, forlorn, divine attributes
a: no special abilities


You were on level 5 of the Dungeon.
You visited 1 branch of the dungeon, and saw 5 of its levels.

You collected 301 gold pieces.

Inventory:

Hand Weapons
 p - a +4 short sword (weapon)
Armour
 a - a +0 robe
 r - a +0 leather armour (worn)
Wands
 h - a wand of mindburst (19)
Scrolls
 e - 7 scrolls of identify {unknown}
 f - a scroll of noise {unknown}
 k - 2 scrolls of blinking {unknown}
 l - a scroll of torment {unknown}
 m - a scroll of enchant weapon {unknown}
 q - a scroll of poison {unknown}
Potions
 b - a potion of magic
 c - a potion of lignification {unknown}
 d - a potion of flight
 g - a potion of cancellation {unknown}
 i - 2 potions of haste {unknown}
 j - a potion of resistance {unknown}
 n - 2 potions of degeneration {unknown}
 o - a potion of might {unknown}


   Skills:
 - Level 1.7 Dodging
 - Level 1.7 Stealth
 - Level 3.0 Spellcasting
 + Level 2.8 Conjurations
 - Level 0.8 Transmutations
 - Level 4.4 Earth Magic


You had 6 spell levels left.
You knew the following spells:

 Your Spells              Type           Power      Damage    Failure   Level
a - Sandblast             Erth           42%        2d11      3%          1
b - Stone Arrow           Conj/Erth      36%        3d9       13%         3

Your spell library contained the following spells:

 Spells                   Type           Power      Damage    Failure   Level
 Passwall                 Tmut/Erth      11%        N/A       10%         2
 Foxfire                  Conj/Fire      36%        2x1d5     11%         1
 Sting                    Tmut/Pois      20%        1d4       16%         1
 Summon Small Mammal      Summ           12%        N/A       19%         1
 Cigotuvi's Dreadful Rot  Necr/Pois/Air  6%         N/A       28%         2
 Poisonous Vapours        Pois/Air       6%         N/A       28%         2
 Ignite Poison            Fire/Tmut/Pois 4%         N/A       45%         3
 Call Canine Familiar     Summ           3%         N/A       50%         3
 Summon Guardian Golem    Hex/Summ       3%         N/A       50%         3
 Petrify                  Tmut/Erth      14%        N/A       54%         4
 Olgreb's Toxic Radiance  Pois           3%         N/A       88%         4
 Fireball                 Conj/Fire      4%         3d4       96%         5
 Freezing Cloud           Conj/Ice/Air   3%         6-21      98%         5
 Plasma Beam              Fire/Air       1%         2x1d12    100%        6
 Starburst                Conj/Fire      4%         6d4       100%        6


Dungeon Overview and Level Annotations

Branches:
Dungeon (5/15)
 Temple: D:4-7

Shops:
D:2 *=:*


Innate Abilities, Weirdness & Mutations

You have an increased reservoir of magic. (+10% MP)
You shall have no god before yourself.
Your divine heritage dramatically boosts your attributes as you level up.


Message History

Confirm with . or Enter, or press ? or * to list all spells.
Aiming: Sandblast (safe; 3% risk of failure)
Press: ? - help, Shift-Dir - straight line, f - orc
Aim: an orc, wielding a +0 dagger and wearing a +0 chain mail (87% to hit)
The blast of sand hits the orc but does no damage.
The orc hits you with a +0 club. The orc barely misses you. x2
The orc hits you with a +0 club.
* * * LOW HITPOINT WARNING * * *
The orc closely misses you. x2
You take 6 damage, and have 17/38 hp.
You now have 5/12 mp.
There are monsters nearby!
Casting: Sandblast (safe; 3% risk of failure)
Confirm with . or Enter, or press ? or * to list all spells.
Aiming: Sandblast (safe; 3% risk of failure)
Press: ? - help, Shift-Dir - straight line, f/p - orc
Aim: an orc, wielding a +0 dagger and wearing a +0 chain mail (87% to hit)
The blast of sand hits the orc but does no damage.
The orc closely misses you. The orc hits you with a +0 war axe.
* * * LOW HITPOINT WARNING * * *
The orc barely misses you.
There are monsters nearby!
Casting: Sandblast (safe; 3% risk of failure)
Confirm with . or Enter, or press ? or * to list all spells.
Aiming: Sandblast (safe; 3% risk of failure)
Press: ? - help, Shift-Dir - straight line, f/p - orc
Aim: an orc, wielding a +0 dagger and wearing a +0 chain mail (87% to hit)
The blast of sand hits the orc but does no damage.
The orc hits you but does no damage. The orc hits you with a +0 war axe!
* * * LOW HITPOINT WARNING * * *
The orc closely misses you. The orc hits you with a +0 club.
* * * LOW HITPOINT WARNING * * *
The orc misses you. The orc barely misses you.
You take 14 damage, and have 3/38 hp.
MASSIVE DAMAGE!!
You now have 3/12 mp.
Okay, then.
It was a potion of flight.
You feel very buoyant.
You fly up into the air.
The orc hits you with a +0 war axe.
* * * LOW HITPOINT WARNING * * *
The orc hits you with a +0 club.
You die...

## ##
##.
.##
#..
..#
..♣..
#...#
#...#
#o)o#
#.@o#
#...#
#####


You could see 3 orcs.

Vanquished Creatures
  A jelly (D:5)
  An iguana (D:4)
  4 gnolls (D:3)
  6 adders
  3 worms (D:3)
  A dart slug (D:2)
  7 orcs
  6 endoplasms
  7 giant cockroaches
  8 goblins
  8 hobgoblins
  A jackal (D:3)
  2 quokkas
  9 ball pythons
  8 bats
  12 kobolds
  6 rats
90 creatures vanquished.

Notes
Turn   | Place    | Note
-------+----------+-------------------------------------------
     0 | D:1      | spardeous the Demigod Earth Elementalist began the quest
                  | for the Orb.
     0 | D:1      | Reached XP level 1. HP: 14/14 MP: 5/5
   230 | D:1      | Noticed a shining eye
   252 | D:1      | Reached skill level 3 in Earth Magic
   276 | D:1      | You fall into a shaft and drop 1 floor!
   335 | D:2      | Reached XP level 2. HP: 20/20 MP: 4/7
   396 | D:2      | Found Hifow's Book Boutique.
   452 | D:2      | Found Qaczeti's Assorted Antiques.
   581 | D:2      | Reached XP level 3. HP: 25/26 MP: 4/9
   654 | D:2      | Found Xepreng's Jewellery Boutique.
   780 | D:2      | Found Hetaazap's Assorted Antiques.
  1132 | D:2      | Learned a level 3 spell: Stone Arrow
  1193 | D:1      | Noticed a golden eye
  1221 | D:1      | Noticed a shining eye
  1225 | D:1      | Noticed a great orb of eyes
  1548 | D:3      | Reached XP level 4. HP: 33/33 MP: 8/11
  1869 | D:3      | Reached skill level 4 in Earth Magic
  2604 | D:3      | Reached skill level 1 in Conjurations
  2604 | D:3      | Reached XP level 5. HP: 38/38 MP: 10/12
  3628 | D:5      | Entered Level 5 of the Dungeon
  3639 | D:5      | HP: 1/38 [orc/+0 war axe (2)]
  3639 | D:5      | Slain by an orc

Illustrated notes

Levels and vault maps discovered:
D:1:      dpeg_arrival_tiny_c, layout_basic, serial_curves, eino_curves_02,
          eino_curves_02, hellmonk_ecumenical_altar_watching_god,
          chequers_serial_rivers_micro_a
D:2:      layout_loops_cross, serial_shops, shop, nicolae_shop_window_shopping,
          nicolae_shop_statue_plus, nicolae_shop_tiny_glass
D:3:      minmay_chambers_of_threes, layout_loops_ring,
          chequers_serial_rivers_room_a, minmay_tree_intersection,
          chequers_serial_rivers_micro_c
D:4:      layout_cave_pools
D:5:      layout_basic, grunt_ministairs_14, nicolae_wormholes, uniq_eustachio,
          uniq_grinder

Skill      XL: |  1  2  3  4  5 |
---------------+----------------+-----
Spellcasting   | 2 3 |  3.0
Earth Magic    | 3 4 |  4.4
Conjurations   | 1 2 |  2.8
Dodging        | |  1.7
Stealth        | |  1.7
Transmutations | |  0.8

Action                     |  1- 3 |  4- 6 || total
---------------------------+-------+-------++-------
   Cast: Sandblast         |    53 |    82 ||   135
    Use: Potion            |       |     1 ||     1
 Armour: Robe              |     1 |     1 ||     2
         Leather armour    |       |     6 ||     6
  Dodge: Dodged            |     9 |    26 ||    35
